 Dungeon Crawl Stone Soup version 0.29.1-15-g9cfb28693d (webtiles) character file.

Game seed: 7954347533159703369

224 Heoruswealwe the Magician (level 5, -2/28 HPs)
             Began as a Deep Elf Earth Elementalist on Mar 24, 2023.
             Slain by a smoke demon (4 damage)
             ... created by the fury of Makhleb
             ... in a sewer.
             The game lasted 00:28:36 (2867 turns).

Heoruswealwe the Magician (DEEE)                    Turns: 2867, Time: 00:28:37

Health: -2/28      AC:  1    Str:  5    XL:     5   Next: 67%
Magic:  11/15      EV: 12    Int: 22    God:
Gold:   186        SH:  0    Dex: 15    Spells: 5/15 levels left

rFire   . . .      SeeInvis .   a - +1 short sword (speed)
rCold   . . .      Faith    .   (no shield)
rNeg    . . .      Spirit   .   (no body armour)
rPois   .          Reflect  .   (no helmet)
rElec   .          Harm     .   h - +0 cloak
rCorr   .          Rampage  .   (no gloves)
Will    .....                   (no boots)
Stlth   ++........              (no amulet)
HPRegen 0.09/turn               (no ring)
MPRegen 0.14/turn               (no ring)

@: no status effects
A: no striking features
a: no special abilities


You were in a sewer.
You visited 1 branch of the dungeon, and saw 3 of its levels.
You also visited: Sewer.

You collected 186 gold pieces.

Inventory:

Hand Weapons
 a - a +1 short sword of speed (weapon)
 b - a +0 hand axe
Armour
 h - a +0 cloak (worn)
Scrolls
 c - a scroll of enchant armour
 f - a scroll of teleportation
 i - a scroll of fear
 l - a scroll of poison {unknown}
Potions
 d - a potion of magic
 e - a potion of curing
 g - 2 potions of mutation
 j - 4 potions of heal wounds {unknown}
 k - 2 potions of resistance {unknown}
 m - a potion of invisibility {unknown}


   Skills:
 - Level 2.4 Dodging
 - Level 2.4 Stealth
 * Level 5.5 Spellcasting
 + Level 2.8 Transmutations
 * Level 5.1 Earth Magic


You had 5 spell levels left.
You knew the following spells:

 Your Spells              Type           Power      Damage    Failure   Level
a - Sandblast             Erth           56%        2d13      1%          1
b - Stone Arrow           Conj/Erth      34%        3d9       10%         3
c - Petrify               Tmut/Erth      23%        N/A       19%         4
z - Passwall              Tmut/Erth      19%        N/A       2%          2

Your spell library contained the following spells:

 Spells                   Type           Power      Damage    Failure   Level


Dungeon Overview and Level Annotations

Branches:
Dungeon (3/15)              Sewer (1/1)

Altars:
Makhleb


Message History

Aiming: Sandblast (safe; 1% risk of failure)
Press: ? - help, Shift-Dir - straight line, f/p - Pargi
Aim: Pargi (almost dead, 79% to hit)
The blast of sand hits Pargi!
You kill Pargi!
Your Spellcasting skill increases to level 5!
Your Earth Magic skill increases to level 5!
You have reached level 5!
There is an open door here.
You see here the troll corpse of Pargi.
You now have 186 gold pieces (gained 22).
There is an open door here.
You see here the troll corpse of Pargi.
You start resting.
Magic restored.
You start resting.
Makhleb sends a minion to punish you.
A smoke demon comes into view.
The blast of sand hits the smoke demon.
The smoke demon is lightly wounded.
The blast of sand misses the smoke demon.
The smoke demon hits you but does no damage. x2
The smoke demon closely misses you.
The blast of sand hits the smoke demon but does no damage.
The smoke demon is lightly wounded.
The smoke demon gestures at you. Makhleb smites you! The smoke demon hits you.
* * * LOW HITPOINT WARNING * * *
The smoke demon completely misses you. The smoke demon hits you.
* * * LOW HITPOINT WARNING * * *
You are too injured to fight recklessly!
Casting: Sandblast (safe; 1% risk of failure)
Confirm with . or Enter, or press ? or * to list all spells.
Aiming: Sandblast (safe; 1% risk of failure)
Press: ? - help, Shift-Dir - straight line, f/p - smoke demon
Aim: a smoke demon (lightly wounded, durably summoned, 85% to hit)
The blast of sand hits the smoke demon!
The smoke demon is moderately wounded.
The smoke demon barely misses you. The smoke demon hits you.
You die...

###############
#.##.##.##∩##.#
#†##.##)##.##.#
#'##÷##'##.##3##+##+#
#............@......#
~~~#~~~~~~~~~.~~~~~~~~~#
≈≈≈#≈≈≈≈≈≈≈≈≈∩≈≈≈≈≈≈≈≈≈#
~~~#~~~~~~~~~.~~~~~~~~~#
####...................#
#+##+##+##+##+##+##+#


You could see a smoke demon.

Vanquished Creatures
  Pargi (Sewer)
  4 adders
  A river rat (D:3)
  2 worms
  2 dart slugs (D:2)
  5 bats
  7 endoplasms
  5 giant cockroaches
  7 goblins
  7 hobgoblins
  4 kobolds
  5 quokkas
  10 ball pythons
  4 frilled lizards
  6 rats
70 creatures vanquished.

Notes
Turn   | Place    | Note
-------+----------+-------------------------------------------
     0 | D:1      | Heoruswealwe the Deep Elf Earth Elementalist began the
                  | quest for the Orb.
     0 | D:1      | Reached XP level 1. HP: 10/10 MP: 6/6
   123 | D:1      | Reached XP level 2. HP: 15/15 MP: 2/8
   209 | D:1      | Learned a level 2 spell: Passwall
   319 | D:1      | You fall into a shaft and drop 1 floor!
   536 | D:1      | Reached XP level 3. HP: 16/19 MP: 5/10
  1541 | D:1      | You fall into a shaft and drop 1 floor!
  1569 | D:2      | Reached XP level 4. HP: 14/24 MP: 4/12
  1903 | D:1      | Learned a level 3 spell: Stone Arrow
  1908 | D:1      | Learned a level 4 spell: Petrify
  2075 | D:3      | Found a faded altar of an unknown god.
  2105 | D:3      | Prayed at the altar of an unknown god.
  2105 | D:3      | Became a worshipper of Makhleb the Destroyer
  2105 | D:3      | Reached * piety under Makhleb
  2106 | D:3      | Fell from the grace of Makhleb
  2411 | D:3      | Found a glowing drain.
  2415 | Sewer    | Entered a sewer
  2441 | Sewer    | HP: 1/24 [poisoned by an adder]
  2753 | Sewer    | Noticed Pargi
  2758 | Sewer    | Killed Pargi
  2759 | Sewer    | Reached skill level 5 in Spellcasting
  2759 | Sewer    | Reached skill level 5 in Earth Magic
  2759 | Sewer    | Reached XP level 5. HP: 13/28 MP: 9/15
  2864 | Sewer    | Noticed a smoke demon
  2867 | Sewer    | Slain by a smoke demon

Illustrated notes

Levels and vault maps discovered:
D:1:      dpeg_arrival_round_a, layout_loops_ring
D:2:      layout_basic, minmay_close_crescents
D:3:      layout_loops_ring, gup_sewer_entry_spiral,
          hellmonk_ecumenical_altar_blasted, corner_web_ring
Sewer:    kennysheep_door_sewer

Skill      XL: |  1  2  3  4 |
---------------+-------------+-----
Earth Magic    | 4 5 |  5.1
Spellcasting   | 4 5 |  5.5
Transmutations | 2 |  2.8
Dodging        | |  2.4
Stealth        | |  2.4

Action                   |  1- 3 |  4- 6 || total
-------------------------+-------+-------++-------
Melee: Short sword       |     7 |       ||     7
 Cast: Sandblast         |    61 |    42 ||   103
       Passwall          |       |     1 ||     1
Invok: Renounce Religion |       |     1 ||     1
  Use: Scroll            |     5 |     2 ||     7
Armor: Robe              |     7 |       ||     7
       Skin              |       |     3 ||     3
Dodge: Dodged            |    19 |    14 ||    33
